Map: Dreamcatcher LE

Players

InZaNe - Winner!

  • Race: Terran Terran
  • League: Grandmaster
  • Spawn Location: 11:00

GOStephano (Stephano)

  • Race: Zerg Zerg
  • League: Master
  • Spawn Location: 5:00

Event: HomeStory Cup XVII

VOD

Have the link to the VOD?

Description

Time

  • Played on: June 28, 2018, 11:21 a.m.
  • Length: 20:32

All games in this series

Show
View Real Time Build Order
Export as new Build Order

InZaNe Terran - Winner!

Build Orders: Hellion Opening, Reaper Expand, Bio Tank 

Get SALT Encoding   

  12  0:00  SCV  
  13  0:13  SCV  
  14  0:17  Supply Depot  
  14  0:25  SCV  
  15  0:39  SCV  
  15  0:40  Barracks  
  16  0:45  Refinery  
  16  0:51  SCV  
  17  1:03  SCV  
  18  1:15  SCV  
  19  1:28  Orbital Command  
  19  1:29  Reaper  
  20  1:39  Command Center  
  20  1:51  Supply Depot  
  20  1:54  SCV  
  20  2:00  Marine  
  22  2:06  SCV  
  23  2:13  Factory  
  23  2:18  SCV  
  23  2:22  Refinery  
  24  2:24  Barracks Reactor  
  24  2:31  SCV  
  24  2:43  SCV  
  25  2:51  Orbital Command  
  25  2:55  SCV  
  26  3:01  Starport  
  26  3:07  Hellion x2, SCV  
  26  3:12  Barracks Tech Lab  
  31  3:19  SCV x2  
  33  3:31  Hellion, Supply Depot, SCV x2  
  33  3:32  Hellion  
  39  3:43  SCV x2  
  41  3:50  Raven  
  41  3:55  Hellion x2, SCV x2  
  49  4:02  Supply Depot  
  49  4:05  Marine  
  49  4:07  SCV x2  
  51  4:16  Command Center  
  51  4:19  SCV  
  51  4:20  Hellion  
  51  4:22  SCV  
  53  4:27  Hellion  
  53  4:29  Barracks Tech Lab  
  55  4:31  SCV  
  55  4:35  SCV  
  55  4:36  Supply Depot  
  57  4:38  Raven  
  57  4:43  SCV  
  57  4:45  Hellion  
  62  4:48  Supply Depot  
  62  4:54  Stimpack  
  62  4:58  Hellion, Marine, SCV x2  
  67  5:10  SCV x2  
  69  5:15  Marine  
  69  5:16  Engineering Bay x2  
  70  5:22  SCV x2  
  64  5:37  Barracks, SCV x2  
  64  5:38  Orbital Command, Factory Reactor, Starport Reactor  
  64  5:39  Barracks  
  64  5:40  Refinery  
  64  5:41  Refinery, Marine  
  67  5:46  Terran Infantry Armor Level 1, Terran Infantry Weapons Level 1  
  67  5:49  SCV  
  68  5:54  SCV, Barracks x2  
  69  5:58  Marine  
  70  6:07  SCV x2  
  71  6:16  Orbital Command, Marine  
  71  6:19  SCV x2  
  73  6:28  Marine x2  
  73  6:31  SCV x2  
  77  6:36  Marine x2  
  77  6:37  Marine, Siege Tank  
  83  6:41  Armory  
  83  6:42  Supply Depot  
  83  6:43  SCV x2  
  83  6:44  Barracks Reactor  
  83  6:45  SCV  
  86  6:51  Marine x2  
  88  6:55  SCV x2  
  88  6:57  Marine x2, SCV  
  88  6:58  Combat Shields  
  93  7:01  Refinery  
  93  7:02  Refinery  
  93  7:03  Barracks Reactor, Marine  
  93  7:07  Supply Depot x2, SCV  
  93  7:08  Supply Depot, SCV  
  96  7:09  SCV  
  96  7:11  Armory  
  96  7:13  Marine, Siege Tank  
  101  7:20  Medivac x2, Marine, SCV  
  107  7:23  Marine x2  
  107  7:28  Marine x3  
  107  7:29  SCV x2  
  114  7:30  Factory  
  114  7:34  SCV  
  115  7:41  SCV  
  115  7:42  Marine  
  114  7:45  Marine  
  114  7:46  Marine x5  
  115  7:52  Marine  
  115  7:55  Marine, Siege Tank  
  115  7:57  SCV x2  
  121  8:00  Marine  
  121  8:03  Medivac x2, Marine x2  
  124  8:08  Terran Vehicle Weapons Level 1  
  124  8:10  Command Center, Terran Infantry Weapons Level 2  
  124  8:17  Factory Tech Lab  
  124  8:21  Marine x3  
  124  8:22  Marine x6  
  124  8:24  Terran Infantry Armor Level 2  
  133  8:36  Supply Depot  
  133  8:37  Supply Depot  
  133  8:38  Supply Depot  
  133  8:39  Supply Depot  
  133  8:48  Marine  
  133  8:51  Marine x8  
  133  8:52  Supply Depot  
  140  8:58  Siege Tank  
  143  9:04  Siege Tank  
  143  9:05  Medivac  
  143  9:06  Medivac, Marine  
  143  9:09  Marine x5  
  159  9:10  Marauder, SCV x2  
  160  9:18  Marine x2  
  161  9:24  Marine  
  161  9:27  Marine x5  
  161  9:30  Marine  
  163  9:32  Siege Tank  
  163  9:36  Marine x2  
  168  9:42  Marine  
  168  9:45  Marine  
  156  9:46  Marine x2  
  156  9:47  Marine x2  
  156  9:48  Medivac x2, Marine, Siege Tank  
  164  9:53  Marine  
  164  9:54  Marine  
  158  10:00  Marine  
  158  10:02  Marine  
  158  10:04  Marine x2, Siege Tank  
  158  10:05  Marine x2  
  158  10:06  Marine  
  168  10:09  Planetary Fortress, SCV  
  168  10:10  SCV  
  168  10:11  Marine, SCV  
  168  10:12  Marine  
  168  10:19  Barracks  
  168  10:20  Barracks  
  168  10:22  SCV  
  168  10:27  Marine x7  
  176  10:35  Marine  
  165  10:42  Marine, SCV  
  162  10:44  Terran Infantry Weapons Level 3, Marine, Terran Infantry Armor Level 3  
  156  10:52  Marine  
  156  10:53  Marine x2  
  156  10:57  Siege Tank x2  
  156  11:03  Marauder  
  160  11:06  Marine x4  
  160  11:07  Barracks Tech Lab  
  164  11:12  Medivac  
  164  11:13  Medivac  
  164  11:14  Marine  
  164  11:15  Marine x3  
  164  11:16  Terran Vehicle And Ship Armor Level 1  
  172  11:19  SCV x2  
  174  11:29  Marine x5, Marauder  
  174  11:31  Barracks Tech Lab  
  175  11:47  Marauder  
  159  11:55  Marauder x2  
  159  11:56  Siege Tank x2  
  169  12:04  Medivac  
  169  12:06  Medivac  
  173  12:09  Marauder  
  175  12:16  Marauder x2  
  179  12:28  Marine x6  
  179  12:29  Marine  
  172  12:30  Command Center, Marauder  
  172  12:33  Siege Tank  
  172  12:34  Concussive Shells  
  175  12:37  Marauder x2  
  175  12:39  Siege Tank  
  175  12:42  Marine  
  183  12:45  Marine  
  183  12:46  Marine x2  
  183  12:48  Marine  
  183  12:49  Marine  
  181  13:03  Marine x7  
  148  13:10  Marine x2  
  146  13:13  Marine  
  138  13:20  Marine  
  138  13:21  Marauder  
  138  13:25  Marine, Marauder  
  138  13:26  Marine  
  111  13:35  Marine x4  
  111  13:36  Marine, SCV  
  111  13:37  SCV x3  
  111  13:38  Marine  
  111  13:40  Siege Tank  
  124  13:42  Marine  
  124  13:44  Planetary Fortress  
  125  13:48  SCV  
  125  13:49  SCV x3  
  125  13:50  Marine x2, Marauder  
  133  13:58  Marine x5  
  133  14:01  Marauder  
  140  14:03  Medivac x2  
  144  14:12  Factory, Marauder  
  144  14:14  Factory, Terran Vehicle Weapons Level 2  
  146  14:22  Marauder  
  148  14:25  Marine x8  
  156  14:33  Marauder  
  157  14:43  Marine x4, Marauder  
  157  14:45  Marine  
  156  14:48  Marine x2  
  156  14:52  Marine  
  159  14:55  Marauder  
  161  15:00  Siege Tank, Marine, Factory Tech Lab x2  
  161  15:01  Marine x2  
  161  15:05  Marauder  
  162  15:12  Marine  
  162  15:13  Marine x4  
  153  15:16  Marauder  
  153  15:18  Marine  
  153  15:19  Command Center, Marine  
  153  15:20  Marine  
  156  15:24  Siege Tank x2  
  162  15:36  Marine x5  
  162  15:39  Marauder x2  
  167  15:46  Marine x2  
  164  15:54  Marine x2  
  164  15:55  Marine x4  
  164  15:56  Siege Tank x2  
  151  15:59  Siege Tank  
  151  16:00  Marine, Marauder  
  156  16:12  SCV x3  
  156  16:14  Marine  
  160  16:24  SCV x3  
  160  16:25  Marine x4  
  163  16:26  Marine  
  163  16:27  Marine x4  
  163  16:30  Orbital Command  
  163  16:32  Marine, Siege Tank x2  
  179  16:43  Marine x2  
  179  16:45  Marauder, Marine  
  179  16:46  Marine, Marauder  
  187  16:50  Marine x2  
  187  16:51  Marine x2  
  187  16:52  Medivac, Siege Tank  
  186  17:01  Marine x2  
  182  17:04  Marine  
  182  17:05  Marine  
  182  17:06  Siege Tank x2  
  182  17:07  Marauder  
  194  17:11  Marine x4  
  194  17:13  Refinery  
  198  17:27  Marauder  
  199  17:50  Marine  
  185  18:01  Marine x7, Marauder x2  
  196  18:07  Liberator x2, Marine  
  174  18:19  Marine x7  
  152  18:22  Marine, Siege Tank x3  
  152  18:23  Marauder  
  152  18:25  Marine  
  171  18:37  Marine x7  
  171  18:40  Marine  
  176  18:43  Marine  
  176  18:44  Marine  
  169  18:54  Marine  
  170  18:58  Marauder  
  170  19:02  Marauder, Siege Tank x2  
  177  19:07  Medivac x2  
  178  19:13  Siege Tank  
  175  19:20  Marine x5  
  180  19:26  Marine  
  180  19:27  Marine x4  
  173  19:33  Command Center  
  173  19:34  Siege Tank  
  173  19:36  Medivac  
  173  19:37  Medivac, Supply Depot  
  180  19:40  Siege Tank  
  180  19:42  Marine x5  
  180  19:44  Marine x2  
  180  19:45  Marine, Marauder x2  
  195  19:52  Supply Depot  
  195  19:59  Siege Tank  
  198  20:00  Marine  
Show
View Real Time Build Order
Export as new Build Order

GOStephano Zerg 

Build Orders: Pool First 

Get SALT Encoding   

  12  0:00  Drone  
  13  0:12  Overlord  
  13  0:17  Drone  
  14  0:30  Drone x2  
  14  0:34  Drone  
  17  0:45  Spawning Pool  
  17  0:47  Drone  
  17  1:07  Hatchery  
  17  1:10  Drone  
  17  1:24  Extractor  
  16  1:31  Queen, Zergling x6  
  21  1:42  Overlord  
  21  1:53  Drone  
  22  2:05  Drone  
  22  2:07  Queen  
  25  2:16  Drone  
  25  2:20  Drone  
  26  2:28  Drone  
  27  2:35  Drone  
  27  2:37  Drone  
  28  2:41  Drone x3  
  28  2:43  Metabolic Boost  
  30  2:50  Hatchery  
  29  2:57  Queen  
  31  3:02  Overlord  
  31  3:05  Drone  
  32  3:07  Drone  
  32  3:10  Drone  
  34  3:17  Zergling x4  
  36  3:22  Drone x2  
  36  3:23  Zergling x4  
  40  3:27  Drone  
  40  3:31  Queen  
  43  3:41  Drone  
  43  3:42  Overlord  
  44  3:52  Overlord  
  44  3:55  Overlord  
  44  4:02  Drone x5  
  49  4:05  Drone  
  49  4:08  Drone x3  
  53  4:13  Queen x2  
  57  4:20  Spore Crawler  
  57  4:21  Drone x3  
  60  4:29  Spore Crawler  
  59  4:31  Zergling x4  
  59  4:32  Zergling x2  
  59  4:33  Drone, Evolution Chamber  
  59  4:34  Evolution Chamber  
  59  4:37  Spore Crawler  
  60  4:39  Overlord  
  60  4:42  Drone x2  
  60  4:44  Drone  
  62  4:49  Drone x4  
  66  4:56  Zergling x2  
  66  4:57  Zergling x8  
  71  5:02  Zergling x6  
  71  5:05  Zerg Ground Armor Level 1  
  74  5:07  Zerg Melee Weapons Level 1  
  74  5:11  Drone x3  
  73  5:24  Drone x8  
  75  5:32  Drone x4  
  77  5:38  Lair  
  77  5:40  Extractor  
  77  5:41  Extractor  
  77  5:42  Drone x3  
  78  5:52  Hatchery  
  78  5:53  Zergling x6  
  80  5:57  Roach Warren  
  80  5:59  Zergling x2  
  80  6:00  Zergling x2  
  81  6:11  Drone x5  
  82  6:21  Overlord x2  
  82  6:22  Overlord x2  
  82  6:33  Overlord x2  
  82  6:41  Zergling x18  
  91  6:49  Zergling x8  
  91  6:53  Baneling Nest  
  93  6:56  Zergling x8  
  93  6:58  Queen  
  93  7:00  Queen  
  101  7:01  Zerg Ground Armor Level 2  
  101  7:02  Zerg Melee Weapons Level 2  
  101  7:04  Zergling x4  
  103  7:13  Extractor  
  103  7:14  Drone x3, Extractor  
  103  7:15  Infestation Pit, Drone x3  
  106  7:16  Zergling x8  
  110  7:23  Hatchery, Zergling x10  
  114  7:30  Zergling x6  
  111  7:45  Zergling x4  
  111  7:46  Zergling x24  
  118  7:53  Centrifical Hooks  
  118  7:54  Hive  
  118  7:55  Extractor  
  118  7:56  Hydralisk Den  
  118  7:57  Drone x4  
  110  8:06  Baneling  
  110  8:07  Baneling x11  
  110  8:09  Drone x6  
  116  8:16  Zergling x16  
  124  8:29  Muscular Augments  
  124  8:33  Zergling x16  
  129  8:42  Zergling x2  
  129  8:43  Zergling x22  
  129  8:44  Baneling x12  
  140  8:50  Overlord x2  
  139  8:55  Overlord  
  139  8:56  Overlord  
  139  8:58  Extractor  
  139  8:59  Extractor  
  138  9:02  Drone  
  138  9:03  Drone x2  
  138  9:05  Overlord  
  138  9:08  Hydralisk  
  138  9:09  Hydralisk x4  
  150  9:15  Hydralisk  
  150  9:16  Hydralisk x3  
  158  9:18  Zerg Missile Weapons Level 1  
  158  9:21  Zergling x12  
  158  9:22  Zergling x4  
  165  9:31  Zergling x10  
  162  9:40  Grooved Spines  
  147  9:46  Hydralisk  
  147  9:47  Hydralisk x4  
  145  10:02  Hydralisk x4  
  145  10:05  Drone x3  
  153  10:10  Hydralisk x2  
  153  10:13  Hatchery  
  154  10:17  Zergling x4  
  157  10:23  Zerg Ground Armor Level 3  
  157  10:24  Drone x2  
  148  10:35  Zergling x2  
  148  10:36  Zergling x4  
  145  10:46  Zergling x2  
  145  10:47  Zergling x14  
  139  10:54  Zergling x12  
  144  11:00  Hydralisk  
  144  11:11  Baneling x13  
  144  11:14  Zergling x12  
  148  11:20  Hatchery  
  148  11:22  Zergling x10  
  148  11:23  Zergling x2  
  148  11:42  Zergling x26  
  159  11:48  Zergling x12  
  157  11:59  Zerg Missile Weapons Level 2  
  155  12:03  Hydralisk x4  
  155  12:06  Hatchery  
  162  12:10  Zergling x12  
  166  12:17  Zergling x2  
  166  12:26  Zergling x12  
  166  12:29  Overlord  
  166  12:33  Overlord  
  165  12:38  Drone x2  
  165  12:41  Overlord  
  167  12:45  Hatchery  
  167  12:49  Drone  
  167  12:54  Zergling x2  
  167  12:55  Zergling x22  
  172  13:03  Zergling x8  
  157  13:08  Zergling x6  
  157  13:10  Baneling x3  
  159  13:15  Hydralisk  
  159  13:16  Hydralisk x3  
  159  13:18  Zergling x2  
  143  13:29  Zergling x12  
  144  13:35  Drone x6  
  144  13:38  Overseer  
  144  13:40  Baneling x6  
  148  13:45  Zerg Melee Weapons Level 3  
  148  13:53  Zergling x14  
  155  13:57  Drone x2  
  155  13:59  Baneling x3  
  155  14:01  Baneling x4  
  157  14:07  Drone  
  158  14:11  Zergling x2  
  158  14:12  Zergling x10  
  156  14:25  Zergling x14  
  156  14:26  Zergling x4  
  164  14:34  Zergling x2  
  147  14:51  Zergling x24  
  154  14:55  Zergling x2  
  142  15:09  Hydralisk  
  142  15:10  Hydralisk x8  
  158  15:16  Zergling x6  
  161  15:23  Baneling x13  
  161  15:35  Zergling x20  
  161  15:41  Baneling x2  
  161  15:42  Baneling x3  
  159  15:53  Zergling x14  
  157  15:57  Baneling  
  157  15:58  Baneling x11  
  156  16:07  Hatchery  
  154  16:15  Zerg Missile Weapons Level 3  
  154  16:16  Viper  
  154  16:17  Viper x2  
  163  16:22  Viper  
  163  16:24  Overlord x2  
  165  16:38  Overlord x2  
  165  16:44  Zergling x22  
  176  16:52  Baneling x12  
  175  16:55  Overseer  
  174  17:01  Zergling x2  
  174  17:02  Zergling x12  
  174  17:06  Baneling x7  
  174  17:07  Baneling  
  181  17:14  Baneling x6  
  181  17:19  Hatchery  
  180  17:26  Zergling x12  
  185  17:43  Hydralisk x3  
  191  17:44  Overlord  
  188  17:55  Zergling x12  
  188  17:57  Baneling x5  
  153  18:12  Zergling x2  
  153  18:13  Zergling x18  
  153  18:17  Zergling x2  
  153  18:18  Zergling x4  
  139  18:23  Zergling x6  
  142  18:29  Baneling x4  
  142  18:34  Zergling x2  
  142  18:35  Zergling x2  
  141  18:47  Zergling x6  
  124  19:00  Hydralisk x3  
  123  19:10  Zergling x12  
  123  19:15  Zergling x10  
  129  19:19  Zergling x6  
  132  19:25  Zergling x2  
  132  19:26  Zergling x2  
  131  19:43  Baneling x12, Hatchery  
  130  19:52  Zergling x2  
  131  19:53  Zergling x6  
  131  19:57  Hatchery  
  131  19:59  Zergling x2  
  136  20:00  Zergling x6  
  136  20:06  Zergling x6  
  138  20:14  Zergling x6  
Tags
 
Add a new tag
Caveats
  • Supply blocks, unpowered buildings, or Contaminate may cause inaccurate times.
  • Supply counts are checked every 10 seconds.